| TOP OF THE 1ST |
|
Elizabethton Twins batting - Pitching for Bluefield Blue Jays : RHP Bradley Carriere
|
|
Pitching: RHP Bradley Carriere
|
|
|
Batting: LHB Bill Lorimer
|
0-0: Ball 1-0: Ball 2-0: Foul Ball, location: 2F 2-1: Foul Ball, location: 2F 2-2: Ball 3-2: Fly out, F8 (Flyball, 78M, EV 88.1 MPH)
|
|
Batting: RHB David McDonald
|
0-0: Foul Ball, location: 2F 0-1: Ball 1-1: Ball 2-1: Ball 3-1: Fly out, F7 (Flyball, 7, EV 88.8 MPH)
|
|
Batting: LHB Ryuuichi Shintani
|
0-0: Ball 1-0: Foul Ball, location: 2F 1-1: Ball 2-1: Ball 3-1: Called Strike 3-2: Foul Ball, location: 2F 3-2: SINGLE (Groundball, 6S, EV 70.0 MPH) (infield hit)
|
|
Batting: LHB David Ramos
|
0-0: Ball 1-0: Called Strike Ryuuichi Shintani steals 2nd base 1-1: Swinging Strike 1-2: Ball Wild Pitch! Ryuuichi Shintani to third 2-2: Ball 3-2: Foul Ball, location: 2F 3-2: Strikes out swinging
|
| Top of the 1st over - 0 runs, 1 hit, 0 errors, 1 left on base; Elizabethton 0 - Bluefield 0 |
| BOTTOM OF THE 1ST |
|
Bluefield Blue Jays batting - Pitching for Elizabethton Twins : RHP Olegário Salsinha
|
|
Pitching: RHP Olegário Salsinha
|
|
|
Batting: LHB Jessie Stewart
|
0-0: Ball 1-0: Foul Ball, location: 2F 1-1: Foul Ball, location: 2F 1-2: Foul Ball, location: 2F 1-2: Strikes out swinging
|
|
Batting: SHB Toby Patenaude
|
0-0: Ball 1-0: Called Strike 1-1: Foul Ball, location: 2F 1-2: Strikes out swinging
|
|
Batting: RHB Mark Noftall
|
0-0: Called Strike 0-1: Ground out 6-3 (Groundball, 6, EV 95.6 MPH)
|
| Bottom of the 1st over - 0 runs, 0 hits, 0 errors, 0 left on base; Elizabethton 0 - Bluefield 0 |
| TOP OF THE 2ND |
|
Elizabethton Twins batting - Pitching for Bluefield Blue Jays : RHP Bradley Carriere
|
|
Batting: RHB Sergio Gomez
|
0-0: Called Strike 0-1: Called Strike 0-2: Ball 1-2: Ball 2-2: Ball 3-2: Ground out 5-3 (Groundball, 56, EV 94.4 MPH)
|
|
Batting: RHB Calvin Day
|
0-0: Foul Ball, location: 2F 0-1: Ball 1-1: Foul Ball, location: 2F 1-2: Strikes out swinging
|
|
Batting: RHB Hisao Takei
|
0-0: Ground out U3 (Groundball, 3, EV 107.5 MPH)
|
| Top of the 2nd over - 0 runs, 0 hits, 0 errors, 0 left on base; Elizabethton 0 - Bluefield 0 |
| BOTTOM OF THE 2ND |
|
Bluefield Blue Jays batting - Pitching for Elizabethton Twins : RHP Olegário Salsinha
|
|
Batting: RHB Cedric Nicholls
|
0-0: Called Strike 0-1: Called Strike 0-2: Ball 1-2: Ball 2-2: Foul Ball, location: 2F 2-2: Strikes out swinging
|
|
Batting: RHB Benedikt Fleischmann
|
0-0: Ground out 4-3 (Groundball, 4M, EV 88.8 MPH)
|
|
Batting: RHB Tom Bergman
|
0-0: Ball 1-0: Ball 2-0: Ball 3-0: Called Strike 3-1: Foul Ball, location: 2F 3-2: Strikes out swinging
|
| Bottom of the 2nd over - 0 runs, 0 hits, 0 errors, 0 left on base; Elizabethton 0 - Bluefield 0 |
| TOP OF THE 3RD |
|
Elizabethton Twins batting - Pitching for Bluefield Blue Jays : RHP Bradley Carriere
|
|
Batting: LHB Joey Zamora
|
0-0: Ball 1-0: Called Strike 1-1: Ground out 6-3 (Groundball, 4M, EV 98.1 MPH)
|
|
Batting: RHB Braydon Garland
|
0-0: Ball 1-0: Swinging Strike 1-1: Foul Ball, location: 2F 1-2: Ball 2-2: Strikes out swinging
|
|
Batting: LHB Bill Lorimer
|
0-0: Ball 1-0: Foul Ball, location: 2F 1-1: Ball 2-1: SINGLE (Line Drive, 34D, EV 97.5 MPH)
|
|
Batting: RHB David McDonald
|
0-0: Foul Ball, location: 2F 0-1: Ball 1-1: Ball 2-1: SINGLE (Flyball, 6D, EV 98.1 MPH) Bill Lorimer to second
|
|
Batting: LHB Ryuuichi Shintani
|
0-0: Ball 1-0: Called Strike 1-1: Swinging Strike 1-2: Ball 2-2: Foul Ball, location: 2F 2-2: Ball 3-2: Foul Ball, location: 2F 3-2: Fly out, F9 (Flyball, 9LS, EV 88.1 MPH)
|
| Top of the 3rd over - 0 runs, 2 hits, 0 errors, 2 left on base; Elizabethton 0 - Bluefield 0 |
| BOTTOM OF THE 3RD |
|
Bluefield Blue Jays batting - Pitching for Elizabethton Twins : RHP Olegário Salsinha
|
|
Batting: SHB Miguel Sano Jr.
|
0-0: Ball 1-0: Ball 2-0: Ball 3-0: Called Strike 3-1: Base on Balls
|
|
Batting: RHB Jerry Perez
|
0-0: Ball 1-0: Ball 2-0: Ball 3-0: Called Strike 3-1: Called Strike 3-2: Fielders Choice at 2nd, 5-4 (Groundball, 5L, EV 91.9 MPH)
|
|
Batting: RHB Hanley Hernandez
|
0-0: Called Strike 0-1: Hit by Pitch Jerry Perez to second
|
|
Batting: LHB Jessie Stewart
|
0-0: Ball 1-0: Ball 2-0: Swinging Strike 2-1: Ball 3-1: Base on Balls Jerry Perez to third Hanley Hernandez to second
|
|
Batting: SHB Toby Patenaude
|
0-0: Foul Ball, location: 2F 0-1: Ball 1-1: Foul Ball, location: 2F 1-2: Hit by Pitch Jerry Perez scores Hanley Hernandez to third Jessie Stewart to second
|
|
Batting: RHB Mark Noftall
|
0-0: Ball 1-0: Ball 2-0: Swinging Strike 2-1: DOUBLE (Flyball, 8RXD, EV 94.4 MPH) Hanley Hernandez scores Jessie Stewart scores Toby Patenaude to third Runner from 3rd tries for Home, SAFE, no throw by CF
|
|
Batting: RHB Cedric Nicholls
|
0-0: Ball 1-0: Foul Ball, location: 2F 1-1: Ball 2-1: Ball 3-1: Foul Ball, location: 2F 3-2: Base on Balls
|
|
Batting: RHB Benedikt Fleischmann
|
0-0: Ball 1-0: Ball 2-0: Fly out, F4 (Popup, 4, EV 65.6 MPH)
|
|
Batting: RHB Tom Bergman
|
0-0: Ball 1-0: Ball 2-0: SINGLE (Groundball, 56D, EV 95.0 MPH) Mark Noftall to third Cedric Nicholls to second Runner from 3rd tries for Home, SAFE, throw by LF to home
|
|
Pitching: LHP Adam Devine
|
|
|
Batting: SHB Miguel Sano Jr.
|
0-0: Called Strike 0-1: Called Strike 0-2: Ball 1-2: Strikes out swinging
|
| Bottom of the 3rd over - 5 runs, 2 hits, 0 errors, 2 left on base; Elizabethton 0 - Bluefield 5 |
| TOP OF THE 4TH |
|
Elizabethton Twins batting - Pitching for Bluefield Blue Jays : RHP Bradley Carriere
|
|
Batting: LHB David Ramos
|
0-0: Called Strike 0-1: Fly out, F8 (Flyball, 8RXD, EV 101.2 MPH)
|
|
Batting: RHB Sergio Gomez
|
0-0: Ball 1-0: Foul Ball, location: 2F 1-1: Foul Ball, location: 2F 1-2: Ground out 4-3 (Groundball, 4, EV 79.4 MPH)
|
|
Batting: RHB Calvin Day
|
0-0: Ball 1-0: Called Strike 1-1: Swinging Strike 1-2: Ball 2-2: Ball 3-2: Strikes out looking
|
| Top of the 4th over - 0 runs, 0 hits, 0 errors, 0 left on base; Elizabethton 0 - Bluefield 5 |
| BOTTOM OF THE 4TH |
|
Bluefield Blue Jays batting - Pitching for Elizabethton Twins : LHP Adam Devine
|
|
Batting: RHB Jerry Perez
|
0-0: Swinging Strike 0-1: Ball 1-1: Called Strike 1-2: Ball 2-2: Strikes out swinging
|
|
Batting: RHB Hanley Hernandez
|
0-0: Called Strike 0-1: Swinging Strike 0-2: Ball 1-2: Foul Ball, location: 2F 1-2: Strikes out looking
|
|
Batting: LHB Jessie Stewart
|
0-0: Swinging Strike 0-1: Swinging Strike 0-2: Foul Ball, location: 2F 0-2: Strikes out looking
|
| Bottom of the 4th over - 0 runs, 0 hits, 0 errors, 0 left on base; Elizabethton 0 - Bluefield 5 |
| TOP OF THE 5TH |
|
Elizabethton Twins batting - Pitching for Bluefield Blue Jays : RHP Bradley Carriere
|
|
Batting: RHB Hisao Takei
|
0-0: Foul Ball, location: 2F 0-1: Ball 1-1: Ball 2-1: Ball 3-1: Foul Ball, location: 2F 3-2: Base on Balls
|
|
Batting: LHB Joey Zamora
|
0-0: Foul Ball, location: 2F 0-1: Called Strike 0-2: Ball 1-2: Fielders Choice at 2nd, 4-6 (Groundball, 4S, EV 88.8 MPH)
|
|
Pitching: RHP Sergio Valdivia
|
|
|
Batting: RHB Braydon Garland
|
0-0: Called Strike 0-1: Foul Ball, location: 2F 0-2: Foul Ball, location: 2F 0-2: Strikes out looking
|
|
Batting: LHB Bill Lorimer
|
0-0: Fly out, F9 (Flyball, 8RM, EV 92.5 MPH)
|
| Top of the 5th over - 0 runs, 0 hits, 0 errors, 1 left on base; Elizabethton 0 - Bluefield 5 |
| BOTTOM OF THE 5TH |
|
Bluefield Blue Jays batting - Pitching for Elizabethton Twins : LHP Adam Devine
|
|
Batting: SHB Toby Patenaude
|
0-0: Foul Ball, location: 2F 0-1: Hit by Pitch
|
|
Batting: RHB Mark Noftall
|
0-0: Ball 1-0: 2-RUN HOME RUN (Flyball, 7D, EV 96.9 MPH), Distance : 373 ft
|
|
Batting: RHB Cedric Nicholls
|
0-0: Ball 1-0: Ball 2-0: Fly out, F4 (Popup, 3D, EV 60.6 MPH)
|
|
Batting: RHB Benedikt Fleischmann
|
0-0: Called Strike 0-1: Ball 1-1: Swinging Strike 1-2: Strikes out swinging
|
|
Batting: RHB Tom Bergman
|
0-0: Foul Ball, location: 2F 0-1: Ball 1-1: Foul Ball, location: 2F 1-2: Ball 2-2: Foul Ball, location: 2F 2-2: Foul Ball, location: 2F 2-2: Fly out, F9 (Flyball, 9S, EV 87.5 MPH)
|
| Bottom of the 5th over - 2 runs, 1 hit, 0 errors, 0 left on base; Elizabethton 0 - Bluefield 7 |
| TOP OF THE 6TH |
|
Elizabethton Twins batting - Pitching for Bluefield Blue Jays : RHP Sergio Valdivia
|
|
Batting: RHB David McDonald
|
0-0: Ball 1-0: SINGLE (Groundball, 56D, EV 108.1 MPH) (infield hit)
|
|
Batting: LHB Ryuuichi Shintani
|
0-0: Swinging Strike 0-1: Foul Ball, location: 2F 0-2: Fly out, F9 (Flyball, 9S, EV 98.1 MPH)
|
|
Batting: LHB David Ramos
|
0-0: Swinging Strike 0-1: Ball 1-1: Ball 2-1: Grounds into double play, 4-6-3 (Groundball, 4, EV 99.4 MPH)
|
| Top of the 6th over - 0 runs, 1 hit, 0 errors, 0 left on base; Elizabethton 0 - Bluefield 7 |
| BOTTOM OF THE 6TH |
|
Bluefield Blue Jays batting - Pitching for Elizabethton Twins : LHP Adam Devine
|
|
Pitching: RHP Takeru Inoue
|
|
|
Batting: SHB Miguel Sano Jr.
|
0-0: Ball 1-0: Ball 2-0: Swinging Strike 2-1: Swinging Strike 2-2: Ball 3-2: Foul Ball, location: 2F 3-2: Strikes out looking
|
|
Pinch Hitting: RHB Jim Sabin
|
0-0: Ball 1-0: Foul Ball, location: 2F 1-1: Swinging Strike 1-2: Ball 2-2: Ground out 6-3 (Groundball, 6M, EV 100.6 MPH)
|
|
Batting: RHB Hanley Hernandez
|
0-0: Ball 1-0: Called Strike 1-1: Called Strike 1-2: Ball 2-2: Foul Ball, location: 2F 2-2: Strikes out looking
|
| Bottom of the 6th over - 0 runs, 0 hits, 0 errors, 0 left on base; Elizabethton 0 - Bluefield 7 |
| TOP OF THE 7TH |
|
Elizabethton Twins batting - Pitching for Bluefield Blue Jays : RHP Sergio Valdivia
|
|
Now at 3B: Lao-che Zhu
|
|
|
Batting: RHB Sergio Gomez
|
0-0: Called Strike 0-1: Ball 1-1: Ball 2-1: Ball 3-1: Foul Ball, location: 2F 3-2: Base on Balls
|
|
Batting: RHB Calvin Day
|
0-0: Ball 1-0: Foul Ball, location: 2F 1-1: Foul Ball, location: 2F 1-2: Strikes out swinging
|
|
Batting: RHB Hisao Takei
|
0-0: Fly out, F9 (Flyball, 9S, EV 83.8 MPH)
|
|
Batting: LHB Joey Zamora
|
0-0: Foul Ball, location: 2F 0-1: Ball 1-1: Ball 2-1: Called Strike 2-2: Ball 3-2: Ground out 4-3 (Groundball, 4S, EV 87.5 MPH)
|
| Top of the 7th over - 0 runs, 0 hits, 0 errors, 1 left on base; Elizabethton 0 - Bluefield 7 |
| BOTTOM OF THE 7TH |
|
Bluefield Blue Jays batting - Pitching for Elizabethton Twins : RHP Takeru Inoue
|
|
Batting: LHB Jessie Stewart
|
0-0: Ball 1-0: Called Strike 1-1: Foul Ball, location: 2F 1-2: Strikes out swinging
|
|
Batting: SHB Toby Patenaude
|
0-0: Called Strike 0-1: Foul Ball, location: 2F 0-2: Ball 1-2: Ball 2-2: Strikes out swinging
|
|
Batting: RHB Mark Noftall
|
0-0: Ball 1-0: Ball 2-0: Ball 3-0: DOUBLE (Line Drive, 89M, EV 95.0 MPH)
|
|
Batting: RHB Cedric Nicholls
|
0-0: Ball 1-0: Foul Ball, location: 2F 1-1: Hit by Pitch
|
|
Batting: RHB Benedikt Fleischmann
|
0-0: Ball 1-0: Reached on error, E4 (Groundball, 4M, EV 81.2 MPH) Mark Noftall to third Cedric Nicholls to second
|
|
Batting: RHB Tom Bergman
|
0-0: Ball 1-0: Foul Ball, location: 2F 1-1: GRAND SLAM HOME RUN (Flyball, 78XD, EV 113.1 MPH), Distance : 413 ft
|
|
Pitching: RHP Jason McCaw
|
|
|
Batting: SHB Miguel Sano Jr.
|
0-0: Ball 1-0: Foul Ball, location: 2F 1-1: Called Strike 1-2: Foul Ball, location: 2F 1-2: Strikes out swinging
|
| Bottom of the 7th over - 4 runs, 2 hits, 1 error, 0 left on base; Elizabethton 0 - Bluefield 11 |
| TOP OF THE 8TH |
|
Elizabethton Twins batting - Pitching for Bluefield Blue Jays : RHP Sergio Valdivia
|
|
Batting: RHB Braydon Garland
|
0-0: Ground out 1-3 (Groundball, 13S, EV 63.1 MPH)
|
|
Batting: LHB Bill Lorimer
|
0-0: Foul Ball, location: 2F 0-1: Foul Ball, location: 2F 0-2: Ball 1-2: Ball 2-2: Foul Ball, location: 2F 2-2: Ball 3-2: Foul Ball, location: 2F 3-2: Foul Ball, location: 2F 3-2: Ground out 5-3 (Groundball, 56, EV 105.0 MPH)
|
|
Pinch Hitting: RHB Rick Kendall
|
0-0: Ball 1-0: Ball 2-0: Fly out, F9 (Flyball, 9D, EV 106.9 MPH)
|
| Top of the 8th over - 0 runs, 0 hits, 0 errors, 0 left on base; Elizabethton 0 - Bluefield 11 |
| BOTTOM OF THE 8TH |
|
Bluefield Blue Jays batting - Pitching for Elizabethton Twins : RHP Jason McCaw
|
|
Now at 2B: Rick Kendall
|
|
|
Batting: RHB Lao-che Zhu
|
0-0: Ball 1-0: Ball 2-0: Ground out 4-3 (Groundball, 4, EV 108.8 MPH)
|
|
Batting: RHB Hanley Hernandez
|
0-0: Called Strike 0-1: Swinging Strike 0-2: Strikes out looking
|
|
Pinch Hitting: LHB Edwin Esparza
|
0-0: Ball 1-0: Called Strike 1-1: Swinging Strike 1-2: Ball 2-2: SOLO HOME RUN (Flyball, 9LD, EV 95.0 MPH), Distance : 332 ft
|
|
Batting: SHB Toby Patenaude
|
0-0: Ball 1-0: Ground out 3-1 (Groundball, 34, EV 108.1 MPH)
|
| Bottom of the 8th over - 1 run, 1 hit, 0 errors, 0 left on base; Elizabethton 0 - Bluefield 12 |
| TOP OF THE 9TH |
|
Elizabethton Twins batting - Pitching for Bluefield Blue Jays : RHP Sergio Valdivia
|
|
Now in LF: Edwin Esparza
|
|
|
Batting: LHB Ryuuichi Shintani
|
0-0: Ball 1-0: Called Strike 1-1: Ball 2-1: Swinging Strike 2-2: Foul Ball, location: 2F 2-2: Foul Ball, location: 2F 2-2: Strikes out swinging, 2-3 out at first.
|
|
Batting: LHB David Ramos
|
0-0: Called Strike 0-1: Fly out, F8 (Flyball, 8LS, EV 82.5 MPH)
|
|
Batting: RHB Sergio Gomez
|
0-0: Called Strike 0-1: Ball 1-1: Foul Ball, location: 2F 1-2: Ball 2-2: SOLO HOME RUN (Flyball, 89XD, EV 101.2 MPH), Distance : 417 ft
|
|
Batting: RHB Calvin Day
|
0-0: Swinging Strike 0-1: Hit by Pitch, AND HE CHARGES THE MOUND! The benches clear!
|
|
Pitching: RHP Tim Donovan
|
|
|
Pinch Runner at 1st Nestor Moreno:
|
|
|
Pinch Hitting: LHB George Roben
|
0-0: Called Strike 0-1: Ball 1-1: Ball 2-1: Ball 3-1: Base on Balls Nestor Moreno to second
|
|
Batting: LHB Joey Zamora
|
0-0: Called Strike 0-1: Ball 1-1: Called Strike 1-2: Ground out 4-3 (Groundball, 34, EV 101.9 MPH)
|
| Top of the 9th over - 1 run, 1 hit, 0 errors, 2 left on base; Elizabethton 1 - Bluefield 12 |
|